Map: Neon Violet Square LE

Players

Erfeyah - Winner!

  • Race: Terran Terran
  • Spawn Location: 5:00

A.I. 1 (Easy)

  • Race: Terran Terran
  • Spawn Location: 11:00

VOD

Have the link to the VOD?

Description

Time

  • Played on: Nov. 24, 2017, 6:46 a.m.
  • Length: 19:51
Show
View Real Time Build Order
Export as new Build Order

Erfeyah Terran - Winner!

Build Orders:  

Get SALT Encoding   

  12  0:02  SCV  
  14  0:14  SCV  
  14  0:36  Supply Depot  
  14  0:39  SCV  
  15  0:50  Refinery  
  15  0:57  SCV  
  16  1:09  Barracks  
  16  1:10  SCV  
  17  1:29  Supply Depot  
  17  1:30  SCV  
  18  1:46  SCV  
  19  1:58  SCV  
  20  2:03  Marine  
  21  2:11  SCV  
  22  2:21  Marine, Barracks  
  23  2:23  SCV  
  23  2:29  Barracks  
  24  2:57  SCV  
  25  3:01  Command Center  
  25  3:08  Marine  
  25  3:10  SCV  
  27  3:26  Marine  
  28  3:35  Marine x2  
  30  3:44  Marine  
  31  3:57  Supply Depot  
  31  4:04  Supply Depot  
  31  4:12  SCV, Marine  
  33  4:21  SCV  
  34  4:24  SCV  
  35  4:33  SCV  
  35  4:36  SCV  
  35  4:37  Barracks Tech Lab  
  37  4:50  SCV x2  
  39  4:59  Marine x3  
  42  5:02  SCV x2  
  44  5:16  Marine, Refinery  
  44  5:19  SCV x2  
  44  5:21  Marine x2  
  49  5:34  Marine  
  50  5:39  Marine x2  
  52  5:49  Factory  
  52  5:52  Marine  
  52  5:56  Marine  
  52  5:57  Marine  
  54  6:03  Supply Depot  
  55  6:04  Supply Depot  
  55  6:10  Marine, Supply Depot  
  56  6:14  Marine x2  
  58  6:28  Marine  
  58  6:32  SCV, Marine x2  
  61  6:33  SCV  
  63  6:44  SCV  
  63  6:45  Marine  
  65  6:52  Supply Depot  
  65  6:57  Supply Depot  
  65  7:01  Supply Depot  
  65  7:16  Bunker  
  61  7:45  Command Center  
  61  8:13  Refinery  
  61  8:36  Marine x3  
  64  8:50  Bunker  
  64  8:54  Marine  
  65  9:03  Bunker  
  65  9:07  Bunker  
  65  9:39  Barracks Reactor  
  65  9:43  Supply Depot  
  65  9:51  SCV  
  66  9:56  SCV  
  66  9:57  SCV  
  68  10:03  SCV  
  68  10:06  Supply Depot  
  69  10:09  SCV  
  70  10:15  SCV  
  70  10:21  Barracks  
  71  10:26  Barracks  
  71  10:43  Marine x4  
  75  11:01  Marine x2  
  77  11:08  Barracks  
  77  11:19  Starport  
  77  11:55  Starport  
  77  11:57  Starport  
  77  11:58  SCV x2  
  79  12:07  Marine x4  
  79  12:08  Marine x2  
  85  12:25  Marine x3  
  83  14:10  Marine x5  
  83  14:11  Marine  
  89  14:25  Medivac  
  89  14:26  Medivac x2  
  89  14:28  Marine x3  
  98  14:51  SCV x3  
  101  14:55  Medivac  
  101  14:56  Medivac x2  
  107  15:03  SCV x3  
  110  15:15  SCV x3  
  113  15:25  Medivac  
  113  15:26  Medivac x2  
  113  15:27  SCV x3  
  122  15:29  Barracks  
  122  15:39  SCV x3  
  122  15:40  Reaper  
  122  15:41  Reaper x3  
  129  15:45  Reaper x2  
  131  15:51  SCV x3  
  131  15:55  Medivac  
  131  15:56  Medivac x2  
  140  16:03  SCV  
  141  16:18  Supply Depot, Barracks  
  141  16:25  Supply Depot  
  141  16:27  Supply Depot  
  141  16:30  SCV, Marine  
  141  16:32  Marine x2  
  141  16:34  Reaper  
  141  16:35  SCV  
  141  16:37  Marine  
  141  16:40  Medivac x3, Marine  
  148  16:48  Marine  
  148  16:50  Marine x2  
  151  16:55  Marine  
  151  16:57  Marine  
  153  17:06  Marine x2  
  153  17:07  Marine  
  153  17:08  Marine  
  156  17:10  Medivac x3  
  156  17:12  Marine  
  163  17:15  Marine  
  162  17:24  Marine  
Show
View Real Time Build Order
Export as new Build Order

A.I. 1 (Easy) Terran 

Build Orders:  

Get SALT Encoding   

  12  0:00  SCV  
  13  0:13  SCV  
  14  0:20  Supply Depot  
  14  0:25  SCV  
  15  0:41  SCV  
  16  0:42  Barracks  
  16  0:45  Refinery  
  16  1:11  Supply Depot  
  16  1:22  Refinery  
  16  1:31  Barracks Tech Lab  
  16  1:32  Orbital Command  
  16  1:48  Marine  
  17  2:13  Marauder  
  17  2:15  Supply Depot  
  19  2:16  SCV  
  20  2:28  SCV  
  21  2:36  Marauder  
  23  2:40  SCV  
  24  2:52  SCV  
  25  2:59  Marine  
  25  3:04  SCV  
  27  3:17  SCV  
  28  3:23  Marauder  
  30  3:46  Marine  
  31  4:10  Marine  
  32  6:46  Reaper  
  33  6:47  SCV  
  33  6:48  Supply Depot  
  33  6:54  Command Center  
  34  7:11  Factory  
  34  7:13  Supply Depot  
  34  7:18  Marine  
  35  7:36  Marine  
  26  7:54  Marine  
  26  7:55  Starport  
  27  8:06  SCV  
  27  8:11  SCV  
  27  8:12  Marine  
  30  8:16  Refinery  
  30  8:17  Refinery  
  30  8:18  SCV  
  31  8:23  SCV  
  32  8:30  SCV, Marauder  
  32  8:33  Starport Tech Lab  
  35  8:35  SCV  
  35  8:43  SCV  
  35  8:47  SCV  
  37  8:51  Marauder  
  37  8:53  Raven  
  37  8:55  SCV  
  42  8:59  SCV  
  43  9:07  SCV  
  44  9:11  SCV  
  44  9:12  Marine  
  46  9:19  SCV  
  46  9:24  SCV  
  48  9:30  Marine  
  49  9:31  SCV  
  49  9:36  SCV, Raven  
  52  9:43  SCV  
  53  9:48  SCV, Reaper  
  55  9:55  SCV  
  56  10:00  SCV  
  57  10:07  SCV  
  57  10:12  SCV  
  59  10:19  SCV  
  59  10:20  Marine  
  61  10:38  Marine  
  62  11:51  Medivac  
  62  11:52  Marauder  
  62  11:54  Engineering Bay  
  66  11:56  Supply Depot  
  66  12:16  Marauder  
  66  12:20  Supply Depot  
  66  12:21  Medivac, Terran Infantry Weapons Level 1  
  70  12:44  Reaper  
  70  12:48  Command Center  
  57  12:51  Raven  
  59  13:16  Marine  
  60  13:34  Marine  
  61  13:51  Marine  
  62  14:01  SCV  
  62  14:02  Refinery  
  63  14:06  SCV  
  63  14:09  Refinery  
  66  14:10  SCV, Marauder  
  66  14:14  SCV  
  66  14:15  Terran Infantry Armor Level 1  
  68  14:19  SCV  
  68  14:23  SCV  
  69  14:27  SCV  
  69  14:31  Marine  
  71  14:48  Marine  
  72  15:06  Marine  
  73  15:24  Marine  
  74  15:42  Reaper  
  75  16:00  Armory  
  75  16:06  Supply Depot  
  75  16:15  Marauder  
  74  16:34  Raven  
  74  16:35  Marine  
  59  16:48  Terran Infantry Armor Level 2, Terran Vehicle Weapons Level 1  
  59  16:53  Marine  
  60  17:11  Marine  
  61  17:17  Raven  
  61  17:21  Hellion  
  63  17:29  Marauder  
  54  17:42  Hellion  
  54  17:44  SCV  
  56  17:50  SCV, Marine  
  41  17:59  SCV  
  41  18:00  Medivac  
  41  18:03  SCV, Hellion  
  39  18:08  Marine  
  39  18:11  SCV  
  41  18:16  SCV  
  41  18:23  SCV  
  41  18:25  Hellion  
  41  18:26  Marine  
  39  18:28  SCV  
  39  18:30  Raven  
  35  18:35  SCV  
  35  18:40  SCV  
  28  18:44  Marauder  
  28  18:47  SCV  
  26  18:53  Hellion  
  22  18:59  SCV  
  16  19:11  SCV  
  16  19:14  Command Center  
  16  19:15  Hellion  
  11  19:21  Command Center  
  11  19:23  SCV  
Tags
 
Add a new tag
Caveats
  • Supply blocks, unpowered buildings, or Contaminate may cause inaccurate times.
  • Supply counts are checked every 10 seconds.